 Dungeon Crawl Stone Soup version 0.18.1-50-g88ac8fd (webtiles) character file.

33946 Vatticson the Bludgeoner (level 13, -3/123 HPs)
             Began as a Minotaur Berserker on Oct 15, 2016.
             Was a High Priest of Trog.
             Slain by a six-headed hydra (8 damage)
             ... on level 2 of the Swamp.
             The game lasted 01:31:13 (16858 turns).

Vatticson the Bludgeoner (Minotaur Berserker)      Turns: 16858, Time: 01:31:17

Health: -3/123     AC: 19    Str: 24 (25) XL:     13   Next: 39%
Magic:  12/12      EV:  8    Int:  6      God:    Trog [*****.]
Gold:   778        SH: 12    Dex: 14      Spells: 0 memorised, 12 levels left

rFire  + + .     SeeInvis .     A - +2 demon whip (drain)
rCold  + . .     Gourm    .     F - +2 plate armour {rF+}
rNeg   . . .     Faith    .     z - +1 buckler {reflect}
rPois  .         Spirit   .     (helmet restricted)
rElec  .         Dismiss  .     o - +0 cloak
rCorr  .         Reflect  +     (no gloves)
SustAt .         Harm     .     (no boots)
MR     ++...     Rnd*Rage +     p - +5 amulet of reflection
Stlth  ..........               I - ring of protection from cold
                                d - ring of protection from fire

@: very slightly contaminated, regenerating, very resistant to hostile
enchantments, extremely unstealthy
A: retaliatory headbutt, horns 2, agile 1, berserk 1, clever 1, deterioration 1
a: Berserk, Trog's Hand, Brothers in Arms, Burn Spellbooks, Renounce Religion


You were on level 2 of the Swamp.
You worshipped Trog.
Trog was extremely pleased with you.
You were hungry.

You visited 3 branches of the dungeon, and saw 15 of its levels.
You also visited: Volcano.

You collected 980 gold pieces.
You spent 202 gold pieces at shops.

Inventory:

Hand Weapons
 a - a +0 mace
 h - a +2 falchion of slicing
 r - a +1 flail
 t - a +0 morningstar
 A - a +2 demon whip of draining (weapon)
 C - a +0 dire flail
 L - a +1 battleaxe of flaming
 M - a +2 war axe of flaming
 R - a cursed -2 arbalest
Missiles
 f - 258 stones (quivered)
 i - 94 arrows
Armour
 b - a +0 animal skin
 e - a +0 ring mail
 g - a +1 plate armour
 o - a +0 cloak (worn)
 z - a +1 buckler of reflection (worn)
 F - a +2 plate armour of fire resistance (worn)
Jewellery
 c - an uncursed amulet of the gourmand
 d - a ring of protection from fire (left hand)
 p - a +5 amulet of reflection (around neck)
 x - an uncursed amulet of magic regeneration
 I - a ring of protection from cold (right hand)
 P - an uncursed ring of flight
Wands
 m - a wand of lightning (7/15)
 n - a wand of slowing (15/48)
 q - a wand of lightning (0/15)
 v - a wand of iceblast (5/15)
 w - a wand of lightning (10/15)
 y - a wand of lightning (5/15)
 D - a wand of iceblast (5/15)
 G - a wand of flame (14/48)
Scrolls
 s - 3 scrolls of magic mapping
 u - 4 scrolls of teleportation
 E - 3 scrolls of remove curse
 N - a scroll of fog
 O - a scroll of identify
 Q - a scroll of fear
 S - a scroll of enchant armour
Potions
 l - a potion of curing
 H - a potion of ambrosia
 K - a potion of might {unknown}
 U - a potion of brilliance {unknown}
Books
 J - a book of Geomancy

   Spells                             Type                      Level
   a - Sandblast                      Earth                        1
   b - Passwall                       Transmutation/Earth          2
   c - Stone Arrow                    Conjuration/Earth            3
   d - Petrify                        Transmutation/Earth          4
   e - Lee's Rapid Deconstruction     Earth                        5
   Trog disapproves of the use of such an item.
Comestibles
 j - 9 slices of pizza
 k - 10 fruits
 B - 4 bread rations


   Skills:
 * Level 13.8 Fighting
 * Level 16.9 Maces & Flails
 * Level 13.8 Armour
 - Level 2.1 Dodging
 + Level 8.3 Shields


You had 12 spell levels left.
You didn't know any spells.

Dungeon Overview and Level Annotations

Branches:
Dungeon (8/15)             Temple (0/1) D:6            Lair (5/8) D:8
  Swamp (2/4) Lair:5       Spider (0/4) Lair:3

Altars:
Elyvilon
Fedhas
Qazlal
Trog

Shops:
D:4 (   D:6 [   D:7 *

Portals:
Abyss: D:8

Annotations:
Swamp:1 Aizul


Innate Abilities, Weirdness & Mutations

You reflexively headbutt those who attack you in melee.
You have a pair of horns on your head.
You are agile. (Dex +2)
You tend to lose your temper in combat.
Your mind is acute. (Int +2)
Your body sometimes deteriorates upon taking damage.


Message History

Your troll bites the alligator!!
Your troll barely misses the alligator.
Your troll claws the alligator.
Aizul hits your troll!
Your troll barely misses Aizul.
Your troll misses Aizul. x2
You block the alligator's attack. x2
You slide downwards.
The hatch slams shut behind you.
An alligator and a hydra come into view.
Found a potion of curing.
Your skin crawls.
You feel resistant to hostile enchantments.
You feel slightly more hungry. You block the alligator's attack.
The alligator tail-slaps you.
* * * LOW HITPOINT WARNING * * *
The six-headed hydra bites you!
* * * LOW HITPOINT WARNING * * *
The six-headed hydra closely misses you.
You block the six-headed hydra's attack.
The six-headed hydra barely misses you. The six-headed hydra bites you.
* * * LOW HITPOINT WARNING * * *
The six-headed hydra bites you!
You die...

♣♣ ♣.. ♣♣≈♣
♣≈≈D♣♣ ♣.≈.@♣
♣.!≈≈≈≈.t.♣
♣.≈.≈≈♣♣..≈≈.
♣.≈.♣♣ ..≈≈.♣
♣≈≈ ♣.≈≈≈.♣
♣≈ t≈≈≈.♣ ♣
≈≈.≈≈♣ ≈♣.≈.♣


You could see 2 alligators and a six-headed hydra.

Vanquished Creatures
  Gastronok (D:8)
  Kirke (Swamp:1)
  The ghost of Duraxyll the Protected, a journeyman MiBe of Trog (Volcano)
  2 hydras (Lair:5)
  A catoblepas (Lair:5)
  Erica (D:8)
  2 alligators (Swamp:1)
  Sonja (Lair:4)
  A sun demon (Volcano)
  A lindwurm (Lair:3)
  Pikel (D:4)
  A toenail golem (Volcano)
  7 black mambas
  6 komodo dragons
  12 spiny frogs
  A rime drake (Lair:3)
  3 jumping spiders (Lair:3)
  Grinder (D:6)
  A giant leech (Swamp:1)
  2 bog bodies (Swamp:1)
  2 redbacks (Lair:3)
  26 yaks
  A fire bat (Volcano)
  Grum (D:8)
  3 basilisks
  Eustachio (D:4)
  3 vampire mosquitoes (Swamp:1)
  A steam dragon (Lair:3)
  4 hippogriffs
  2 insubstantial wisps (Swamp:1)
  9 water moccasins
  Duvessa (D:7)
  14 porcupines
  A swamp drake (Swamp:1)
  2 orc warriors (D:8)
  8 ice beasts (Lair:3)
  A phantom (D:4)
  15 wolves
  2 sky beasts
  A centaur (D:7)
  9 crocodiles
  13 giant frogs
  Dowan (D:7)
  A scorpion (D:5)
  2 water moccasin skeletons
  4 howler monkeys (D:8)
  5 lava snakes (Volcano)
  5 crimson imps
  A jelly (D:8)
  A hound (D:7)
  6 orc priests
  5 orc wizards
  Crazy Yiuf (D:3)
  9 iguanas
  Ijyb (D:3)
  Terence (D:3)
  4 worker ants
  8 sheep (Lair:4)
  A hound skeleton (D:7)
  Robin (D:3)
  A howler monkey zombie (D:6)
  A worker ant zombie (D:6)
  11 adders
  9 river rats (Lair:4)
  A shadow imp (D:6)
  2 oozes (D:4)
  3 worms
  4 dart slugs
  3 giant geckos
  22 orcs
  7 giant cockroaches
  12 goblins
  7 hobgoblins
  5 jackals
  3 quokkas
  2 ball pythons
  5 bats
  5 giant newts
  4 kobolds
  6 rats
337 creatures vanquished.

Vanquished Creatures (collateral kills)
  2 hogs (Swamp:1)
  3 insubstantial wisps (Swamp:1)
5 creatures vanquished.

Vanquished Creatures (others)
  A hog (Swamp:1)
  A human (Swamp:1)
  A hound (D:4)
  An adder (D:4)
  4 orcs (D:4)
  A jackal skeleton (D:4)
  12 fungi
  3 plants
24 creatures vanquished.

Grand Total: 366 creatures vanquished

Notes
Turn   | Place    | Note
--------------------------------------------------------------
     0 | D:1      | Vatticson the Minotaur Berserker began the quest for the Orb.
     0 | D:1      | Reached XP level 1. HP: 19/19 MP: 0/0
    62 | D:1      | Reached skill level 4 in Maces & Flails
   133 | D:1      | Reached XP level 2. HP: 26/26 MP: 1/1
   252 | D:1      | Gained mutation: You are agile. (Dex +2) [potion of beneficial mutation]
   712 | D:1      | Gained mutation: Your body sometimes deteriorates upon taking damage. [potion of mutation]
   712 | D:1      | Gained mutation: Your mind is acute. (Int +2) [potion of mutation]
   712 | D:1      | Gained mutation: You tend to lose your temper in combat. [potion of mutation]
   731 | D:2      | Reached skill level 5 in Maces & Flails
   783 | D:2      | Reached XP level 3. HP: 31/31 MP: 2/2
   898 | D:2      | Reached ** piety under Trog
  1577 | D:3      | Reached XP level 4. HP: 39/39 MP: 3/3
  1595 | D:3      | Noticed Terence
  1600 | D:3      | Killed Terence
  1600 | D:3      | Reached skill level 6 in Maces & Flails
  1941 | D:3      | Reached skill level 7 in Maces & Flails
  1941 | D:3      | Reached XP level 5. HP: 24/45 MP: 4/4
  2250 | D:3      | Noticed Robin
  2257 | D:3      | Reached *** piety under Trog
  2262 | D:3      | Noticed Ijyb
  2265 | D:3      | Killed Robin
  2265 | D:3      | Reached skill level 8 in Maces & Flails
  2276 | D:3      | Killed Ijyb
  2276 | D:3      | Reached XP level 6. HP: 32/51 MP: 5/5
  2594 | D:3      | Noticed Crazy Yiuf
  2598 | D:3      | Killed Crazy Yiuf
  2827 | D:4      | Noticed Pikel
  2828 | D:4      | Noticed a slave
  2828 | D:4      | Noticed a slave
  2828 | D:4      | Noticed a slave
  2828 | D:4      | Noticed a slave
  2843 | D:4      | Killed Pikel
  2843 | D:4      | Reached skill level 10 in Maces & Flails
  2843 | D:4      | Reached XP level 7. HP: 14/57 MP: 6/6
  3119 | D:4      | Found Xiumus's Weapon Shoppe.
  3172 | D:4      | You fall through a shaft!
  3172 | D:5      | Entered Level 5 of the Dungeon
  3214 | D:4      | Noticed Eustachio
  3227 | D:4      | Killed Eustachio
  3227 | D:4      | Reached skill level 11 in Maces & Flails
  3379 | D:4      | Reached XP level 8. HP: 56/64 MP: 7/7
  4289 | D:5      | Reached skill level 12 in Maces & Flails
  4566 | D:5      | Found a stormy altar of Qazlal.
  4566 | D:5      | Found a white marble altar of Elyvilon.
  4626 | D:5      | Found a bloodstained altar of Trog.
  4626 | D:5      | Found a blossoming altar of Fedhas.
  5181 | D:6      | Found a staircase to the Ecumenical Temple.
  5186 | D:6      | Noticed Grinder
  5207 | D:6      | Killed Grinder
  5207 | D:6      | Reached skill level 13 in Maces & Flails
  5280 | D:6      | Reached **** piety under Trog
  5440 | D:6      | Found Curcheiwul's Armour Shop.
  5444 | D:6      | Bought a +1 buckler of reflection for 202 gold pieces
  5799 | D:7      | Noticed Dowan
  5800 | D:7      | Noticed Duvessa
  5818 | D:7      | Killed Duvessa
  5822 | D:7      | Killed Dowan
  5841 | D:7      | Reached XP level 9. HP: 61/70 MP: 8/8
  6029 | D:7      | Reached skill level 14 in Maces & Flails
  6215 | D:7      | Found Kauluit's General Store.
  6617 | D:8      | Reached skill level 1 in Shields
  6622 | D:8      | Noticed Erica
  6650 | D:8      | Killed Erica
  6650 | D:8      | Reached skill level 5 in Fighting
  6681 | D:8      | Noticed a rust devil
  6681 | D:8      | Reached skill level 5 in Armour
  6703 | D:8      | Noticed a rust devil
  6704 | D:8      | Found a one-way gate to the infinite horrors of the Abyss.
  6705 | D:8      | Noticed an orange demon
  6705 | D:8      | Noticed an orange demon
  6743 | D:8      | Noticed Grum
  6766 | D:8      | Killed Grum
  6766 | D:8      | Reached skill level 5 in Shields
  6924 | D:8      | Found a staircase to the Lair.
  6931 | D:8      | Noticed Gastronok
  6959 | D:8      | Killed Gastronok
  6959 | D:8      | Reached XP level 10. HP: 38/88 MP: 9/9
  7768 | Lair:1   | Entered Level 1 of the Lair of Beasts
  8189 | Lair:1   | Noticed a spiny frog
  8196 | Lair:1   | Killed a spiny frog
  8723 | Lair:1   | Noticed a spiny frog
  8730 | Lair:1   | Killed a spiny frog
  8730 | Lair:1   | Reached XP level 11. HP: 91/99 MP: 10/10
  8740 | Lair:1   | Reached skill level 10 in Fighting
  9246 | Lair:1   | Reached skill level 10 in Armour
 10203 | Lair:2   | Reached ***** piety under Trog
 10619 | Lair:2   | Reached skill level 15 in Maces & Flails
 11371 | Lair:3   | Found a dark tunnel.
 11372 | Lair:3   | Noticed a lindwurm
 11386 | Volcano  | Entered a volcano
 11470 | Volcano  | Noticed Duraxyll's ghost (journeyman MiBe)
 11506 | Volcano  | Killed Duraxyll's ghost
 11506 | Volcano  | Reached XP level 12. HP: 42/112 MP: 11/11
 12035 | Volcano  | Received a gift from Trog
 12046 | Volcano  | Found a radiant altar of Vehumet.
 13317 | Lair:3   | Found a hole to the Spider Nest.
 13549 | Lair:3   | Reached skill level 16 in Maces & Flails
 14276 | Lair:4   | Noticed Sonja
 14283 | Lair:4   | Killed Sonja
 15404 | Lair:5   | Noticed a six-headed hydra
 15413 | Lair:5   | Killed a six-headed hydra
 15771 | Lair:5   | Reached XP level 13. HP: 116/122 MP: 12/12
 15783 | Lair:5   | Received a gift from Trog
 15795 | Lair:5   | Found a staircase to the Swamp.
 16452 | Swamp:1  | Entered Level 1 of the Swamp
 16671 | Swamp:1  | Noticed Kirke
 16698 | Swamp:1  | Killed Kirke
 16821 | Swamp:1  | Noticed Aizul
 16858 | Swamp:2  | HP: 5/123 [six-headed hydra (3)]
 16858 | Swamp:2  | Slain by a six-headed hydra

Skill      XL: |  1  2  3  4  5  6  7  8  9 10 11 12 13 |
---------------+----------------------------------------+-----
Maces & Flails | 4 5 7 8 10 11 13 14 15 16 | 16.9
Shields        | 5 6 7 8 |  8.3
Fighting       | 8 9 11 13 | 13.8
Armour         | 7 9 11 13 | 13.8
Dodging        | |  2.1

Action                   |  1- 3 |  4- 6 |  7- 9 | 10-12 | 13-15 || total
-------------------------+-------+-------+-------+-------+-------++-------
Melee: Mace              |    87 |    99 |    65 |       |       ||   251
       Headbutt          |     6 |    22 |    71 |   204 |    41 ||   344
       Flail             |       |       |   202 |   792 |     3 ||   997
       Demon whip        |       |       |       |       |   133 ||   133
Throw: Stone             |       |     2 |       |    47 |    10 ||    59
       Tomahawk          |       |       |     2 |     4 |       ||     6
Invok: Trog's Hand       |       |     2 |     4 |     4 |     2 ||    12
       Berserk           |       |     2 |     1 |     3 |       ||     6
       Burn Spellbooks   |       |       |       |     2 |       ||     2
       Brothers in Arms  |       |       |       |       |     2 ||     2
Evoke: Wand              |       |     2 |     1 |    11 |     2 ||    16
  Use: Potion            |     7 |     2 |     4 |     7 |     5 ||    25
       Scroll            |     4 |     3 |     6 |     8 |     1 ||    22
  Eat: Beef jerky        |     1 |       |       |     2 |       ||     3
       Royal jelly       |       |     1 |       |     1 |       ||     2
       Bread ration      |       |     1 |     3 |     1 |     1 ||     6
       Meat ration       |       |       |     1 |     5 |       ||     6
       Pizza             |       |       |       |     2 |       ||     2
Armor: Ring mail         |     7 |       |       |       |       ||     7
       Animal skin       |     2 |       |       |       |       ||     2
       Plate armour      |    47 |    70 |   107 |   244 |    56 ||   524
Dodge: Dodged            |    34 |    43 |    58 |   126 |    37 ||   298
Block: Other             |       |       |    21 |       |       ||    21
       Buckler           |       |       |    45 |   280 |    69 ||   394
       Reflection        |       |       |     4 |     3 |       ||     7
